 Dungeon Crawl Stone Soup version 0.22-a0-406-g9ff8d77 (webtiles) character file.

529658 MisterFreud the Victor of a Thousand Battles (level 25, 0/199 HPs)
             Began as a Gnoll Skald on May 7, 2018.
             Was the Champion of Okawaru.
             Slain by a yaktaur captain (7 damage)
             ... while paralysed by a floating eye
             ... on level 5 of the Depths on May 8, 2018.
             The game lasted 05:41:18 (61074 turns).

MisterFreud (GnSk)                                 Turns: 61074, Time: 05:41:19

Health: 0/199      AC: 31    Str: 26    XL:     25   Next: 59%
Magic:  36/43      EV:  2    Int: 31    God:    Okawaru [******]
Gold:   2474       SH:  0    Dex: 15    Spells: 16/57 levels left

rFire    + + .     SeeInvis +   a - +9 demon trident (drain)
rCold    . . .     Gourm    .   T - +5 shield {AC+3}
rNeg     . . .     Faith    .   Y - +5 ring mail of the Seven Realms {*Contam Str+7 Stlth+}
rPois    +         Spirit   .   o - +2 helmet {SInv}
rElec    +         Reflect  .   g - +2 cloak {MR+}
rCorr    .         Harm     .   k - +2 pair of gloves "Faplasen" {rPois Int+3}
MR       ++++.                  W - +2 pair of boots of Polish {rPois rF+ MR+ Int+3}
Stlth    +++++++...             n - amulet of Oenomania {RegenMP Str+3}
HPRegen  0.43/turn              Q - ring "Ycain" {rElec rPois rF+ MR+}
MPRegen  0.53/turn              S - +6 ring of evasion

@: paralysed, very slightly contaminated, deflect missiles
A: distributed training, fangs 1, strong nose
}: 3/15 runes: serpentine, barnacled, silver
a: Heroism, Finesse, Renounce Religion


You were on level 5 of the Depths.
You worshipped Okawaru.
Okawaru was exalted by your worship.
You were full.

You visited 9 branches of the dungeon, and saw 45 of its levels.
You visited 2 bazaars.
You also visited: Bailey.

You collected 5377 gold pieces.
You spent 2903 gold pieces at shops.

Inventory:

Hand Weapons
 a - a +9 demon trident of draining (weapon)
Armour
 g - a +2 cloak of magic resistance (worn)
 k - the +2 pair of gloves "Faplasen" (worn) {rPois Int+3}
   (You found it on level 3 of the Elven Halls)

   It affects your intelligence (+3).
   It protects you from poison.
 o - a +2 helmet of see invisible (worn)
 T - a +5 shield of protection (worn)
 W - the +2 pair of boots of Polish (worn) {rPois rF+ MR+ Int+3}
   (Okawaru gifted it to you on level 11 of the Dungeon)

   It affects your intelligence (+3).
   It protects you from fire.
   It protects you from poison.
   It affects your resistance to hostile enchantments.
 Y - the +5 ring mail of the Seven Realms (worn) {*Contam Str+7 Stlth+}
   (Okawaru gifted it to you on level 4 of the Vaults)

   It affects your strength (+7).
   It causes magical contamination when unequipped.
   It makes you more stealthy.
Jewellery
 n - the amulet of Oenomania (around neck) {RegenMP Str+3}
   (You found it on level 2 of the Vaults)

   [amulet of magic regeneration]

   It increases your magic regeneration.
   It affects your strength (+3).
 t - an uncursed ring of positive energy
 u - the ring "Qecumitz" {rF- rN+ MP+9 Int+4 Dex+3}
   (You bought it in a shop on level 2 of the Orcish Mines)

   [ring of positive energy]

   It affects your intelligence (+4).
   It affects your dexterity (+3).
   It makes you vulnerable to fire.
   It protects you from negative energy.
   It affects your magic capacity (+9).
 O - a cursed -2 ring of intelligence
 P - an uncursed ring of protection from magic
 Q - the ring "Ycain" (left hand) {rElec rPois rF+ MR+}
   (You found it on level 3 of the Depths)

   [ring of protection from magic]

   It protects you from fire.
   It insulates you from electricity.
   It protects you from poison.
   It affects your resistance to hostile enchantments.
 S - a +6 ring of evasion (right hand)
 V - an uncursed ring of protection from cold
Wands
 c - a wand of enslavement (9)
 w - a wand of acid (10)
 x - a wand of disintegration (14)
 y - a wand of digging (14)
 I - a wand of flame (26)
 K - a wand of paralysis (21)
 L - a wand of polymorph (32)
 M - a wand of iceblast (21)
 U - a wand of scattershot (6)
 Z - a wand of clouds (4)
Scrolls
 f - 5 scrolls of enchant armour
 h - 10 scrolls of identify
 l - a scroll of summoning
 r - 8 scrolls of fear
 s - 7 scrolls of fog
 C - 5 scrolls of amnesia
 D - 17 scrolls of remove curse
 F - 5 scrolls of magic mapping
 H - 4 scrolls of silence
 J - 5 scrolls of blinking
 X - 11 scrolls of teleportation
Potions
 e - 2 potions of cancellation
 i - 23 potions of curing
 m - 2 potions of magic
 q - 10 potions of haste
 v - 7 potions of agility
 z - 4 potions of might
 A - 6 potions of heal wounds
 B - 6 potions of brilliance
 E - 2 potions of resistance
 G - 3 potions of mutation
Miscellaneous
 b - a lightning rod (4/4)
 j - 3 phantom mirrors
 p - 2 sacks of spiders
 N - a lamp of fire
 R - a phial of floods
Comestibles
 d - 54 rations


   Skills:
 + Level 16.6 Fighting
 + Level 16.1 Short Blades
 + Level 16.1 Long Blades
 + Level 16.1 Axes
 + Level 16.1 Maces & Flails
 + Level 16.6 Polearms
 + Level 16.1 Staves
 + Level 16.1 Slings
 + Level 16.1 Bows
 + Level 16.1 Crossbows
 + Level 16.1 Throwing
 + Level 16.3 Armour
 + Level 16.6 Dodging
 + Level 16.1 Stealth
 + Level 16.1 Shields
 + Level 16.1 Unarmed Combat
 + Level 16.7 Spellcasting
 + Level 13.9 Conjurations
 + Level 13.9 Hexes
 + Level 14.7 Charms
 + Level 13.9 Summonings
 + Level 13.9 Necromancy
 + Level 13.9 Translocations
 + Level 13.9 Transmutations
 + Level 13.9 Fire Magic
 + Level 13.9 Ice Magic
 + Level 13.9 Air Magic
 + Level 13.9 Earth Magic
 + Level 13.9 Poison Magic
 + Level 17.4 Invocations
 + Level 16.1 Evocations


You had 16 spell levels left.
You knew the following spells:

 Your Spells              Type           Power        Failure   Level  Hunger
a - Infusion              Chrm           ####         0%          1    None
b - Song of Slaying       Chrm           #######.     0%          2    None
c - Shroud of Golubria    Chrm/Tloc      #######...   0%          2    None
d - Regeneration          Chrm/Necr      #######...   1%          3    None
e - Spectral Weapon       Hex/Chrm       #######.     1%          3    None
f - Blink                 Tloc           N/A          0%          2    None
g - Deflect Missiles      Chrm/Air       #######...   1%          6    ##.....
h - Summon Lightning Spi  Summ/Air       #######.     1%          4    None
i - Lee's Rapid Deconstr  Erth           #######...   1%          5    None
j - Iron Shot             Conj/Erth      #######...   1%          6    ##.....
k - Spellforged Servitor  Conj/Summ      #######...   6%          7    ####...


Dungeon Overview and Level Annotations

Branches:
Dungeon (15/15)            Temple (1/1) D:7            Lair (6/6) D:11
 Shoals (4/4) Lair:3        Snake (4/4) Lair:3        Slime (0/5) Lair:6
    Orc (2/2) D:12            Elf (3/3) Orc:2        Vaults (5/5) D:13
  Crypt (0/3) Vaults:3     Depths (5/5) D:15
    Zot: Depths:5

Altars:
Ashenzari
Cheibriados
Dithmenos
Elyvilon
Fedhas
Gozag
Hepliaklqana
Kikubaaqudgha
Makhleb
Nemelex Xobeh
Okawaru
Qazlal
Ru
Sif Muna
Trog
Uskayaw
Vehumet
Wu Jian
Xom
Yredelemnul
Zin
The Shining One
Beogh
Jiyva
Lugonu

Shops:
D:4 :**   D:6 *   Orc:1 *   Orc:2 }**[   Elf:2 }=}   Elf:3 [   Shoals:1 :
Shoals:3 ?(*!:   Snake:4 %   Vaults:3 ?   Vaults:5 [   Depths:1 (   Depths:3 [

Portals:
Hell: Depths:1 Depths:2 Depths:4 Depths:5
Abyss: Depths:1 Depths:4

Annotations:
D:2 ice beast, 2 exclusions
D:6 unseen horror
Lair:1 exclusion: 3 oklob plants
Lair:6 2 runed doors
Depths:3 Mennas, Xtahua


Innate Abilities, Weirdness & Mutations

Your experience applies equally to all skills.
You have very sharp teeth.
Your uncanny sense of smell can sniff out nearby items.


Message History

The blast of rock fragments hits the yaktaur.
The yaktaur hits your spellforged servitor but does no damage.
The deep elf high priest utters a dark prayer and points at you.
Your life force is offered up.
* * * LOW HITPOINT WARNING * * *
The ettin is healed.
The yaktaur captain is healed.
The yaktaur is healed. x2
The ettin hits you but does no damage. The ettin hits you with a dire flail!!
* * * LOW HITPOINT WARNING * * *
The yaktaur wields an arbalest.
The yaktaur shoots a bolt.
The bolt hits your spellforged servitor!!
Your spellforged servitor casts a spell at the deep elf high priest.
The iron shot hits the deep elf high priest.
The deep elf high priest dies!
Okawaru accepts your kill. The ettin hits you with a dire flail!
* * * LOW HITPOINT WARNING * * *
The ettin hits you but does no damage.
The yaktaur captain unwields an uncursed arbalest.
The yaktaur captain hits you!
You die...

#.... .....
#..... #....#.
###.....?.
###.#.......
#####...c.).....
......(8C.....#
.....).@cc......
..∩......#......
.#.(.....###....
##....... #..
######..# # ..##
.$. .#


You could see a yaktaur captain, an ettin, 2 yaktaurs and a friendly spellforged
servitor.

Vanquished Creatures
  Sojobo (Depths:1)
  Boris (Depths:4)
  Frederick (Depths:1)
  Vashnia (Snake:4)
  A caustic shrike (Depths:3)
  Saint Roka (Orc:2)
  Jory (Vaults:2)
  3 golden dragons
  A large abomination (Vaults:5)
  A lich (Depths:2)
  Asterion (Depths:3)
  2 deep elf master archers (Elf:3)
  4 titans (Vaults:5)
  2 deep elf blademasters (Elf:3)
  2 sphinxes (Vaults:5)
  6 tengu reavers (Vaults:5)
  Agnes (Snake:1)
  6 shadow dragons (Vaults:5)
  A storm dragon (Vaults:5)
  Donald (D:12)
  Ilsuiw (Shoals:3)
  13 vault wardens
  8 fire giants
  A balrug (Depths:1)
  5 nagarajas (Snake:4)
  10 frost giants
  An iron dragon (Vaults:5)
  5 deep elf sorcerers
  An orc warlord (Vaults:4)
  Aizul (Snake:2)
  9 very ugly things
  3 deep elf elementalists (Elf:3)
  4 spriggan defenders
  13 ironheart preservers
  18 stone giants
  6 vampire knights
  2 entropy weavers (Vaults:3)
  7 deep elf demonologists
  4 deep elf annihilators
  15 ettins
  6 deep elf death magi
  6 merfolk javelineers
  A crystal guardian (Vaults:4)
  11 merfolk impalers
  Josephine (Orc:2)
  8 ice dragons
  A great orb of eyes (shapeshifter) (Depths:5)
  5 fire dragons
  5 deep elf high priests
  17 yaktaur captains
  The ghost of Borgoz the Fighter, a journeyman GrFi of Ashenzari (Orc:2)
  2 rakshasas
  13 great orbs of eyes
  32 vault guards
  Harold (D:11)
  5 hydras
  15 naga warriors
  2 spriggan air magi
  2 merfolk avatars
  18 anacondas
  3 death knights
  4 alligator snapping turtles
  24 dancing weapons
  4 merfolk aquamancers
  11 centaur warriors
  11 ogre magi
  2 satyrs (Shoals:3)
  A tengu warrior (D:15)
  39 two-headed ogres
  A vampire mage (Depths:4)
  4 deep troll shamans
  8 deep troll earth magi
  A shock serpent (shapeshifter) (Vaults:1)
  3 spriggan berserkers
  9 shock serpents
  16 naga sharpshooters
  A hell knight (Depths:3)
  A small abomination (Elf:3)
  17 deep elf knights
  2 sun demons (Depths:1)
  Nergalle (D:12)
  12 salamander mystics
  2 fire crabs (shapeshifter)
  A fire crab (Lair:6)
  2 shadow wraiths (Vaults:4)
  11 skeletal warriors
  4 unseen horrors
  2 iron trolls (Depths:4)
  3 flayed ghosts
  3 glowing orange brains
  26 sea snakes
  12 naga ritualists
  3 wizards
  31 deep trolls
  19 ironbrand convokers
  An orange crystal statue (Vaults:4)
  A harpy (shapeshifter) (Elf:1)
  16 deep elf archers
  8 phantasmal warriors
  4 lindwurms (Snake:4)
  7 wolf spiders
  15 orc knights
  19 harpies
  A necromancer (Vaults:3)
  2 tengu skeletons (Vaults:3)
  5 fauns
  20 mana vipers
  An oklob plant (Shoals:3)
  4 orc sorcerers
  55 deep elf magi
  A shadow dragon skeleton (Vaults:3)
  A centaur zombie (D:15)
  19 manticores
  23 salamanders
  13 cyclopes
  60 ugly things
  5 human skeletons (Vaults:3)
  A black mamba (shapeshifter) (Vaults:4)
  A frost giant skeleton (Vaults:3)
  18 vault sentinels
  39 black mambas
  3 water nymphs
  14 merfolk sirens
  3 elephants (Lair:6)
  Maurice (D:9)
  7 guardian serpents
  A moth of wrath (shapeshifter) (Vaults:1)
  9 spiny frogs
  A spiny frog (shapeshifter) (Vaults:2)
  3 molten gargoyles (Lair:6)
  3 stone giant skeletons (Vaults:3)
  16 naga magi
  5 centaur skeletons
  3 gargoyles
  52 yaktaurs
  7 freezing wraiths
  2 rime drakes (shapeshifter) (Vaults:1)
  10 komodo dragons
  2 tengu conjurers (D:15)
  2 rime drakes
  A human zombie (Vaults:3)
  A harpy zombie (D:14)
  2 yaktaurs (shapeshifter)
  29 merfolk
  A jumping spider (shapeshifter) (Vaults:3)
  A yaktaur skeleton (Vaults:3)
  16 trolls
  3 meliai (D:15)
  A polar bear (shapeshifter) (Vaults:3)
  6 wind drakes
  4 hornets
  2 hornets (shapeshifter)
  12 snapping turtles
  19 blink frogs
  23 slime creatures
  An ettin zombie (Vaults:3)
  A dream sheep (shapeshifter) (D:13)
  15 hippogriffs
  2 spriggans (shapeshifter)
  3 redbacks
  5 spriggans (Depths:4)
  12 water elementals
  A shadow (D:12)
  3 air elementals
  6 fire elementals
  A yak (shapeshifter) (Vaults:2)
  A vampire (D:15)
  A wyvern (Lair:6)
  8 wraiths
  6 basilisks (Lair:6)
  A golden eye (shapeshifter) (Depths:4)
  4 steam dragons
  28 yaks
  Eustachio (D:5)
  A basilisk (shapeshifter) (Vaults:3)
  3 hungry ghosts
  10 wargs
  2 soldier ants
  A soldier ant (shapeshifter) (Vaults:2)
  14 water moccasins
  5 acid dragons
  38 nagas
  4 hell hounds (Lair:6)
  A floating eye (Depths:3)
  13 porcupines
  A deep troll skeleton (Vaults:3)
  3 black bears
  30 orc warriors
  A sky beast (shapeshifter) (Vaults:4)
  A black bear (shapeshifter) (Vaults:4)
  3 ice beasts
  3 necrophages
  6 sky beasts
  66 ogres
  4 phantoms
  A boggart (shapeshifter) (Vaults:4)
  3 wolves (Lair:4)
  A wolf (shapeshifter) (Depths:4)
  7 boggarts (Depths:1)
  32 centaurs
  An elf skeleton (Vaults:3)
  11 crocodiles
  3 big kobolds
  14 bullfrogs
  2 wyvern zombies
  A bullfrog (shapeshifter) (Depths:4)
  2 earth elementals
  A wyvern skeleton (D:8)
  6 scorpions
  2 human simulacra
  11 killer bees
  14 wights
  4 howler monkeys
  6 electric eels (D:10)
  3 bullfrog zombies
  6 crimson imps
  3 hounds
  4 lava snakes (Lair:6)
  2 quasits
  2 bullfrog skeletons (D:10)
  21 orc priests
  2 jellies (D:11)
  22 orc wizards
  3 iguanas
  7 hell rats
  14 worker ants
  A hound zombie (D:5)
  3 worker ant zombies
  14 adders
  A river rat (Lair:5)
  An ooze (shapeshifter) (Depths:4)
  An ooze (D:5)
  An adder zombie (D:5)
  An adder skeleton (D:9)
  A worm (D:2)
  4 leopard geckos
  93 orcs
  7 giant cockroaches
  8 goblins
  7 hobgoblins
  5 jackals
  5 quokkas
  8 bats
  4 frilled lizards
  A jackal skeleton (D:6)
  16 kobolds
  13 rats
  3 crawling corpses
1935 creatures vanquished.

Vanquished Creatures (collateral kills)
  the Enchantress (Depths:4)
  A tentacled monstrosity (Vaults:5)
  Jorgrun (Depths:3)
  The ghost of dstrtnsr the Champion of Chaos, an adept DDFi of Makhleb (Depths:1)
  2 titans (Vaults:5)
  A fire giant (Depths:4)
  A deep elf sorcerer (Vaults:5)
  2 spriggan defenders (Depths:4)
  An orc warlord (Depths:3)
  A stone giant (Depths:3)
  An entropy weaver (shapeshifter) (Vaults:5)
  A fire dragon (Depths:1)
  A deep elf high priest (Depths:5)
  A great orb of eyes (Depths:3)
  A vault guard (Vaults:5)
  A yaktaur captain (Depths:3)
  A spriggan air mage (Depths:4)
  A deep troll earth mage (Depths:1)
  An iron troll (Depths:1)
  2 hell knights (Depths:3)
  2 deep trolls (Depths:1)
  A glowing orange brain (Vaults:5)
  2 necromancers (Depths:3)
  A mana viper (shapeshifter) (Vaults:5)
  5 deep elf magi
  2 yaktaurs
  A merfolk (Depths:3)
  4 hornets (Depths:4)
  4 spriggans (Depths:4)
  A water elemental (Depths:3)
  A floating eye (Depths:5)
  An orc priest (Depths:3)
  4 orcs (Depths:3)
52 creatures vanquished.

Vanquished Creatures (others)
  An ogre mage (Vaults:3)
  A shadow wraith (Vaults:1)
  A deep elf mage (Vaults:4)
  A centaur (Vaults:3)
  A lava snake (Lair:6)
  An orc wizard (Vaults:2)
  3 orcs
  18 fungi
  39 plants
  13 spectral weapons
  4 tentacles (Shoals:1)
83 creatures vanquished.

Grand Total: 2070 creatures vanquished

Notes
Turn   | Place    | Note
-------+----------+-------------------------------------------
     0 | D:1      | MisterFreud the Gnoll Skald began the quest for the Orb.
     0 | D:1      | Reached XP level 1. HP: 20/20 MP: 6/6
   139 | D:1      | Reached XP level 2. HP: 26/26 MP: 3/7
   146 | D:1      | Learned a level 2 spell: Song of Slaying
   149 | D:1      | Learned a level 2 spell: Shroud of Golubria
   779 | D:1      | Reached XP level 3. HP: 31/31 MP: 2/9
   892 | D:2      | Found a bloodstained altar of Trog.
   892 | D:2      | Found a shimmering altar of Xom.
   901 | D:2      | Found a white marble altar of Elyvilon.
   901 | D:2      | Found an opulent altar of Gozag.
   901 | D:2      | Found a burning altar of Makhleb.
   910 | D:2      | Reached skill level 5 in Spellcasting
  1053 | D:2      | Reached skill level 1 in Invocations
  1258 | D:2      | Noticed an ice beast
  1471 | D:2      | Found a shadowy altar of Dithmenos.
  1625 | D:2      | Found an ornate altar of the Wu Jian Council.
  1782 | D:2      | Reached skill level 1 in Short Blades
  1782 | D:2      | Reached skill level 1 in Long Blades
  1782 | D:2      | Reached skill level 1 in Axes
  1782 | D:2      | Reached skill level 1 in Maces & Flails
  1782 | D:2      | Reached skill level 1 in Staves
  1782 | D:2      | Reached skill level 1 in Slings
  1782 | D:2      | Reached skill level 1 in Bows
  1782 | D:2      | Reached skill level 1 in Crossbows
  1782 | D:2      | Reached skill level 1 in Throwing
  1782 | D:2      | Reached skill level 1 in Stealth
  1782 | D:2      | Reached skill level 1 in Shields
  1782 | D:2      | Reached skill level 1 in Unarmed Combat
  1782 | D:2      | Reached skill level 1 in Evocations
  1903 | D:3      | Reached XP level 4. HP: 38/38 MP: 2/11
  2056 | D:2      | Learned a level 3 spell: Regeneration
  2060 | D:2      | Learned a level 3 spell: Spectral Weapon
  2110 | D:3      | Reached skill level 1 in Conjurations
  2110 | D:3      | Reached skill level 1 in Hexes
  2110 | D:3      | Reached skill level 1 in Summonings
  2110 | D:3      | Reached skill level 1 in Necromancy
  2110 | D:3      | Reached skill level 1 in Translocations
  2110 | D:3      | Reached skill level 1 in Transmutations
  2110 | D:3      | Reached skill level 1 in Fire Magic
  2110 | D:3      | Reached skill level 1 in Ice Magic
  2110 | D:3      | Reached skill level 1 in Air Magic
  2110 | D:3      | Reached skill level 1 in Earth Magic
  2110 | D:3      | Reached skill level 1 in Poison Magic
  2619 | D:4      | Found Adytunud's Book Emporium.
  2619 | D:4      | Noticed a centaur
  2894 | D:4      | Noticed an ogre
  2978 | D:4      | Reached XP level 5. HP: 37/43 MP: 5/12
  2987 | D:4      | Killed a centaur
  3174 | D:4      | Found Fonakoiq's Assorted Antiques.
  3184 | D:4      | Reached XP level 6. HP: 40/50 MP: 8/13
  3201 | D:4      | Reached skill level 2 in Invocations
  3221 | D:4      | Found Homiset's Assorted Antiques.
  3576 | D:3      | Reached skill level 5 in Fighting
  3576 | D:3      | Reached skill level 5 in Polearms
  3576 | D:3      | Reached skill level 5 in Dodging
  4041 | D:5      | Entered Level 5 of the Dungeon
  4087 | D:4      | Reached XP level 7. HP: 55/56 MP: 12/15
  4539 | D:5      | Reached skill level 3 in Invocations
  4637 | D:5      | Reached XP level 8. HP: 48/63 MP: 6/16
  4832 | D:5      | Noticed Eustachio
  4908 | D:5      | Killed Eustachio
  5427 | D:6      | Found a deep blue altar of Sif Muna.
  5749 | D:6      | Found Ovinus's Assorted Antiques.
  5823 | D:4      | Bought a book of Minor Magic for 260 gold pieces
  5826 | D:4      | Learned a level 2 spell: Blink
  5830 | D:4      | Learned a level 3 spell: Conjure Flame
  5834 | D:4      | Learned a level 3 spell: Mephitic Cloud
  6289 | D:6      | Reached skill level 4 in Invocations
  6361 | D:5      | Reached XP level 9. HP: 8/69 MP: 10/18
  6631 | D:7      | Got a transparent trident
  6632 | D:7      | Identified the +4 trident of Discretion {venom, rPois MR+ Dex+2} (You found it on level 7 of the Dungeon)
  6724 | D:7      | Found a staircase to the Ecumenical Temple.
  6733 | Temple   | Entered the Ecumenical Temple
  6921 | Temple   | Became a worshipper of Warmaster Okawaru
  7608 | D:6      | Found a hide-covered altar of Uskayaw.
  7646 | D:6      | HP: 3/69 [something (4)]
  7870 | D:8      | Reached skill level 5 in Armour
  8068 | D:8      | Noticed a two-headed ogre
  8075 | D:8      | Killed a two-headed ogre
  8075 | D:8      | Reached * piety under Okawaru
  8075 | D:8      | Reached skill level 5 in Invocations
  8197 | D:8      | Reached XP level 10. HP: 77/77 MP: 13/20
  8378 | D:8      | Reached ** piety under Okawaru
  9022 | D:9      | Reached skill level 5 in Short Blades
  9022 | D:9      | Reached skill level 5 in Long Blades
  9022 | D:9      | Reached skill level 5 in Axes
  9022 | D:9      | Reached skill level 5 in Maces & Flails
  9022 | D:9      | Reached skill level 5 in Staves
  9022 | D:9      | Reached skill level 5 in Slings
  9022 | D:9      | Reached skill level 5 in Bows
  9022 | D:9      | Reached skill level 5 in Crossbows
  9022 | D:9      | Reached skill level 5 in Throwing
  9022 | D:9      | Reached skill level 5 in Stealth
  9022 | D:9      | Reached skill level 5 in Shields
  9022 | D:9      | Reached skill level 5 in Unarmed Combat
  9022 | D:9      | Reached skill level 5 in Evocations
  9195 | D:9      | Noticed a two-headed ogre
  9203 | D:9      | Killed a two-headed ogre
  9215 | D:9      | Reached *** piety under Okawaru
  9385 | D:9      | Found a blossoming altar of Fedhas.
  9397 | D:9      | Noticed Maurice
  9404 | D:9      | Killed Maurice
  9516 | D:9      | Reached skill level 6 in Invocations
  9641 | D:10     | Entered Level 10 of the Dungeon
  9702 | D:10     | Found a flagged portal.
  9828 | Bailey   | Entered a bailey
 10170 | Bailey   | Got a bronze crystal plate armour
 10296 | D:10     | Noticed a two-headed ogre
 10299 | D:10     | Noticed a gargoyle
 10310 | D:10     | Killed a two-headed ogre
 10310 | D:10     | Received a gift from Okawaru
 10310 | D:10     | Reached **** piety under Okawaru
 10310 | D:10     | Reached XP level 11. HP: 84/84 MP: 12/22
 10335 | D:10     | Noticed a red ugly thing
 10467 | D:9      | Identified the +13 crystal plate armour of Atheism {rCorr} (You found it in a bailey)
 10532 | D:10     | Killed a red ugly thing
 10808 | D:10     | Reached skill level 5 in Conjurations
 10808 | D:10     | Reached skill level 5 in Hexes
 10808 | D:10     | Reached skill level 5 in Summonings
 10808 | D:10     | Reached skill level 5 in Necromancy
 10808 | D:10     | Reached skill level 5 in Translocations
 10808 | D:10     | Reached skill level 5 in Transmutations
 10808 | D:10     | Reached skill level 5 in Fire Magic
 10808 | D:10     | Reached skill level 5 in Ice Magic
 10808 | D:10     | Reached skill level 5 in Air Magic
 10808 | D:10     | Reached skill level 5 in Earth Magic
 10808 | D:10     | Reached skill level 5 in Poison Magic
 10953 | D:10     | You fall through a shaft!
 10963 | D:11     | Noticed Harold
 10972 | D:11     | Noticed a manticore
 10985 | D:11     | Killed Harold
 10994 | D:11     | Killed a manticore
 11121 | D:11     | Found a staircase to the Lair.
 11183 | D:11     | Noticed a five-headed hydra
 11253 | D:11     | Reached ***** piety under Okawaru
 11268 | D:11     | Noticed a cyclops
 11288 | D:11     | Killed a cyclops
 11288 | D:11     | Received a gift from Okawaru
 11288 | D:11     | Reached skill level 7 in Invocations
 11474 | D:11     | Noticed a death knight
 11474 | D:11     | Noticed a phantasmal warrior
 11474 | D:11     | Noticed a skeletal warrior
 11648 | D:11     | Killed an unseen horror
 11648 | D:11     | Received a gift from Okawaru
 11659 | D:11     | Got a pair of slimy boots {god gift}
 11665 | D:11     | Identified the +2 pair of boots of Polish {rPois rF+ MR+ Int+3} (Okawaru gifted it to you on level 11 of the Dungeon)
 11702 | D:11     | Killed a five-headed hydra
 11741 | D:11     | Reached XP level 12. HP: 53/93 MP: 24/24
 12298 | D:11     | Killed a death knight
 12773 | D:11     | Found a white marble altar of Elyvilon.
 13053 | Lair:1   | Entered Level 1 of the Lair of Beasts
 13267 | Lair:1   | Reached skill level 8 in Invocations
 13844 | Lair:2   | Received a gift from Okawaru
 13867 | Lair:2   | Noticed Sonja
 13869 | Lair:2   | Noticed Sonja
 13869 | Lair:2   | Sonja changed into Sonja the soldier ant
 13875 | Lair:2   | Killed Sonja the soldier ant
 14171 | Lair:2   | Noticed an eight-headed hydra
 14186 | Lair:2   | Killed an eight-headed hydra
 14186 | Lair:2   | Reached XP level 13. HP: 70/101 MP: 24/26
 14792 | Lair:3   | Found a staircase to the Shoals.
 14812 | Lair:2   | Received a gift from Okawaru
 14858 | Lair:3   | Found a staircase to the Snake Pit.
 15402 | Snake:1  | Entered Level 1 of the Snake Pit
 15449 | Lair:4   | Found a snail-covered altar of Cheibriados.
 15497 | Lair:4   | Received a gift from Okawaru
 16355 | Lair:4   | Reached skill level 9 in Invocations
 17269 | Lair:6   | Entered Level 6 of the Lair of Beasts
 17330 | Lair:6   | Found a staircase to the Slime Pits.
 17331 | Lair:6   | Found a viscous altar of Jiyva.
 17605 | Lair:6   | Received a gift from Okawaru
 17849 | Lair:6   | Noticed a fire dragon
 17851 | Lair:6   | Found a large runed door.
 18061 | Lair:6   | Reached skill level 10 in Spellcasting
 18232 | Lair:6   | Reached XP level 14. HP: 97/109 MP: 26/28
 18435 | Lair:6   | Reached ****** piety under Okawaru
 18435 | Lair:6   | Received a gift from Okawaru
 18440 | Lair:6   | Got a sapphire quick blade {god gift}
 18441 | Lair:6   | Identified the +8 quick blade "Vupiconeonwu" {freeze, rElec rN+} (Okawaru gifted it to you on level 6 of the Lair of Beasts)
 18714 | Lair:6   | Found a large runed door.
 19239 | D:6      | Bought a runed cloak for 180 gold pieces
 19239 | D:6      | Bought a runed hat for 168 gold pieces
 19396 | D:12     | Reached skill level 10 in Fighting
 19396 | D:12     | Reached skill level 10 in Polearms
 19396 | D:12     | Reached skill level 10 in Dodging
 19653 | D:12     | Found a staircase to the Orcish Mines.
 19818 | D:12     | Found a roughly hewn altar of Beogh.
 20512 | D:13     | Received a gift from Okawaru
 20702 | D:13     | Reached skill level 10 in Invocations
 20780 | D:13     | Received a gift from Okawaru
 21187 | Orc:1    | Entered Level 1 of the Orcish Mines
 21189 | Orc:1    | Noticed Nergalle
 21231 | D:12     | Killed Nergalle
 21329 | Orc:2    | Entered Level 2 of the Orcish Mines
 21329 | Orc:2    | Noticed Donald
 21398 | D:12     | Killed Donald
 21398 | D:12     | Received a gift from Okawaru
 21503 | Orc:1    | Received a gift from Okawaru
 21550 | Orc:2    | Noticed Borgoz's ghost (journeyman GrFi)
 21731 | Orc:2    | Killed Borgoz's ghost
 21771 | Orc:2    | Noticed Saint Roka
 22041 | Orc:2    | Killed Saint Roka
 22041 | Orc:2    | Reached XP level 15. HP: 86/117 MP: 24/29
 22160 | Orc:2    | Noticed Josephine
 22190 | Orc:2    | Killed Josephine
 22190 | Orc:2    | Reached skill level 10 in Armour
 22538 | Orc:2    | Found Rinnataq's Assorted Antiques.
 22581 | Orc:2    | Found Siti's Armour Shop.
 22593 | Orc:2    | Reached skill level 10 in Charms
 22605 | Orc:2    | Found Hicyrph's Gadget Shoppe.
 22638 | Orc:2    | Found Cotsamor's Assorted Antiques.
 22646 | Orc:2    | Bought a smoking lapis lazuli ring for 95 gold pieces
 22646 | Orc:2    | Identified the ring "Qecumitz" {rF- rN+ MP+9 Int+4 Dex+3} (You bought it in a shop on level 2 of the Orcish Mines)
 22669 | Orc:2    | Received a gift from Okawaru
 22672 | Orc:2    | Got a twisted spear {god gift}
 22673 | Orc:2    | Identified the +4 spear of Circularity {freeze, rN+ MR+ Int-2 SInv} (Okawaru gifted it to you on level 2 of the Orcish Mines)
 22716 | Orc:2    | Found a staircase to the Elven Halls.
 23078 | Orc:2    | Reached skill level 10 in Short Blades
 23078 | Orc:2    | Reached skill level 10 in Long Blades
 23078 | Orc:2    | Reached skill level 10 in Axes
 23078 | Orc:2    | Reached skill level 10 in Maces & Flails
 23078 | Orc:2    | Reached skill level 10 in Staves
 23078 | Orc:2    | Reached skill level 10 in Slings
 23078 | Orc:2    | Reached skill level 10 in Bows
 23078 | Orc:2    | Reached skill level 10 in Crossbows
 23078 | Orc:2    | Reached skill level 10 in Throwing
 23078 | Orc:2    | Reached skill level 10 in Stealth
 23078 | Orc:2    | Reached skill level 10 in Shields
 23078 | Orc:2    | Reached skill level 10 in Unarmed Combat
 23078 | Orc:2    | Reached skill level 10 in Evocations
 23153 | Orc:1    | Found a roughly hewn altar of Beogh.
 23203 | Orc:1    | Found Pahats's Assorted Antiques.
 23770 | D:13     | Found a gate to the Vaults.
 24107 | D:14     | Received a gift from Okawaru
 24119 | D:14     | Reached skill level 11 in Invocations
 24144 | D:14     | Identified a +2 pair of boots of running (Okawaru gifted it to you on level 14 of the Dungeon)
 24402 | D:14     | Got a twisted hunting sling
 24403 | D:14     | Identified the +6 hunting sling of Deformation {freeze, rF+ Str+3 Int+5} (You found it on level 14 of the Dungeon)
 24901 | D:14     | Found a stormy altar of Qazlal.
 25288 | D:15     | Entered Level 15 of the Dungeon
 25499 | D:15     | Found a staircase to the Depths.
 25595 | D:15     | Reached XP level 16. HP: 125/125 MP: 31/31
 27261 | Snake:1  | Received a gift from Okawaru
 27713 | Snake:1  | Noticed Agnes
 27749 | Snake:1  | Killed Agnes
 28000 | Snake:2  | Noticed Aizul
 28032 | Snake:2  | Killed Aizul
 28256 | Snake:2  | Found a flickering gateway to a bazaar.
 28265 | Bazaar   | Entered a bazaar
 28267 | Bazaar   | Found Kerrudi's Armour Boutique.
 28271 | Bazaar   | Found Axitziaf's Antique Weapon Boutique.
 28271 | Bazaar   | Found Ygiaraj's Distillery.
 28271 | Bazaar   | Found Doutyck's Food Boutique.
 28295 | Bazaar   | Bought a potion of might for 48 gold pieces
 28295 | Bazaar   | Bought a potion of heal wounds for 60 gold pieces
 28295 | Bazaar   | Bought a potion of curing for 36 gold pieces
 28295 | Bazaar   | Bought a potion of curing for 36 gold pieces
 28295 | Bazaar   | Bought a potion of curing for 36 gold pieces
 28295 | Bazaar   | Bought 2 potions of curing for 72 gold pieces
 29077 | Snake:2  | Received a gift from Okawaru
 29927 | Snake:3  | Received a gift from Okawaru
 30412 | Snake:3  | Reached XP level 17. HP: 101/133 MP: 33/33
 30805 | Snake:3  | Reached skill level 12 in Invocations
 30954 | Snake:3  | Received a gift from Okawaru
 30962 | Snake:3  | Got a polished short sword {god gift}
 30963 | Snake:3  | Identified the +1 short sword of Radaiv {freeze, Int+2} (Okawaru gifted it to you on level 3 of the Snake Pit)
 31105 | Snake:2  | Upgraded the game from 0.22-a0-402-ga933591 to 0.22-a0-406-g9ff8d77
 31359 | D:6      | Bought a scroll labeled VED WOVVATT for 24 gold pieces
 31359 | D:6      | Bought a potion of heal wounds for 120 gold pieces
 31360 | D:6      | Bought a scroll of identify for 48 gold pieces
 31408 | D:4      | Bought a potion of heal wounds for 140 gold pieces
 31408 | D:4      | Bought a scroll of teleportation for 84 gold pieces
 31408 | D:4      | Bought a scroll of teleportation for 84 gold pieces
 31426 | D:4      | Bought a tapered ivory wand for 84 gold pieces
 31671 | Lair:1   | Got a distressingly furry leather armour
 31682 | Lair:1   | Identified the +1 leather armour of Liberty {Dex+4} (You found it on level 1 of the Lair of Beasts)
 31781 | Shoals:1 | Entered Level 1 of the Shoals
 31956 | Shoals:1 | Noticed a kraken
 32464 | Shoals:3 | Found Uzavuim's General Store.
 32496 | Shoals:3 | Found Maig's Magic Scroll Boutique.
 32496 | Shoals:3 | Found Zaett's Weapon Emporium.
 32595 | Shoals:3 | Bought a scroll of teleportation for 57 gold pieces
 32656 | Shoals:4 | Entered Level 4 of the Shoals
 33038 | Shoals:3 | Found an ancient bone altar of Kikubaaqudgha.
 33061 | Shoals:4 | Noticed Ilsuiw
 33084 | Shoals:3 | Received a gift from Okawaru
 33455 | Shoals:3 | Found Gesmis's Book Shoppe.
 33552 | Shoals:3 | Found Qeczeq's Distillery.
 33572 | Shoals:3 | Bought 2 potions of heal wounds for 160 gold pieces
 33752 | Shoals:2 | Received a gift from Okawaru
 33993 | Shoals:2 | Received a gift from Okawaru
 34480 | Shoals:1 | Received a gift from Okawaru
 34497 | Shoals:1 | Found Gabbeemn's Book Shoppe.
 34769 | Shoals:1 | Received a gift from Okawaru
 35176 | Shoals:4 | Received a gift from Okawaru
 35267 | Shoals:3 | Reached skill level 10 in Conjurations
 35267 | Shoals:3 | Reached skill level 10 in Hexes
 35267 | Shoals:3 | Reached skill level 10 in Summonings
 35267 | Shoals:3 | Reached skill level 10 in Necromancy
 35267 | Shoals:3 | Reached skill level 10 in Translocations
 35267 | Shoals:3 | Reached skill level 10 in Transmutations
 35267 | Shoals:3 | Reached skill level 10 in Fire Magic
 35267 | Shoals:3 | Reached skill level 10 in Ice Magic
 35267 | Shoals:3 | Reached skill level 10 in Air Magic
 35267 | Shoals:3 | Reached skill level 10 in Earth Magic
 35267 | Shoals:3 | Reached skill level 10 in Poison Magic
 35361 | Shoals:4 | Received a gift from Okawaru
 35364 | Shoals:4 | Got a barnacled rune of Zot
 35380 | Shoals:4 | Reached XP level 18. HP: 101/141 MP: 34/34
 35439 | Shoals:3 | Killed Ilsuiw
 36625 | Shoals:4 | Reached skill level 13 in Invocations
 37033 | Snake:4  | Entered Level 4 of the Snake Pit
 37149 | Snake:4  | Received a gift from Okawaru
 37637 | Snake:4  | Noticed Vashnia
 38455 | Snake:4  | Found Josieda's Food Shop.
 38611 | Snake:4  | Killed Vashnia
 38807 | Snake:4  | Reached XP level 19. HP: 116/149 MP: 28/36
 39031 | Snake:4  | Received a gift from Okawaru
 39351 | Snake:4  | Received a gift from Okawaru
 39679 | Snake:4  | Received a gift from Okawaru
 40494 | Snake:4  | Received a gift from Okawaru
 40694 | Snake:4  | Got a serpentine rune of Zot
 41023 | Vaults:1 | Entered Level 1 of the Vaults
 41479 | Vaults:1 | Received a gift from Okawaru
 41564 | Vaults:1 | Received a gift from Okawaru
 41745 | Vaults:1 | Received a gift from Okawaru
 41783 | Vaults:1 | Received a gift from Okawaru
 41795 | Vaults:1 | Reached XP level 20. HP: 135/157 MP: 6/37
 42012 | Vaults:1 | Found a flickering gateway to a bazaar.
 42026 | Bazaar   | Entered a bazaar
 42054 | Bazaar   | Found Fetal's Magic Scroll Emporium.
 42054 | Bazaar   | Found Ostiesor's Weapon Shoppe.
 42076 | Bazaar   | Found Fymaud's Antique Weapon Emporium.
 42091 | Bazaar   | Found Wanumesk's Gadget Emporium.
 42091 | Bazaar   | Found Gismiyse's Assorted Antiques.
 42095 | Bazaar   | Bought a wand of digging (14) for 396 gold pieces
 42148 | Vaults:1 | Reached skill level 14 in Invocations
 42665 | Vaults:1 | Identified the Tome of Confrontation and Enchantment
 42900 | Vaults:2 | Noticed Jory
 42924 | Vaults:2 | Killed Jory
 43234 | Vaults:2 | Got a shimmering sapphire amulet
 43373 | Vaults:2 | Noticed a Tzitzimitl
 43753 | Vaults:2 | Received a gift from Okawaru
 44255 | Vaults:2 | Received a gift from Okawaru
 44846 | Vaults:3 | Found Vaocw's Magic Scroll Shoppe.
 44901 | Vaults:3 | Received a gift from Okawaru
 44964 | Vaults:3 | Reached XP level 21. HP: 160/165 MP: 36/39
 45056 | Vaults:3 | Received a gift from Okawaru
 45186 | Vaults:3 | Identified the amulet of Oenomania {RegenMP Str+3} (You found it on level 2 of the Vaults)
 45763 | Vaults:3 | Found a staircase to the Crypt.
 46809 | Vaults:4 | Reached skill level 15 in Invocations
 47017 | Vaults:4 | Received a gift from Okawaru
 47468 | Vaults:4 | Received a gift from Okawaru
 48037 | Vaults:4 | Received a gift from Okawaru
 48040 | Vaults:4 | Got a scorched ring mail {god gift}
 48045 | Vaults:4 | Reached XP level 22. HP: 173/173 MP: 40/40
 48133 | Vaults:4 | Identified the +5 ring mail of the Seven Realms {*Contam Str+7 Stlth+} (Okawaru gifted it to you on level 4 of the Vaults)
 48150 | Vaults:4 | Learned a level 5 spell: Lee's Rapid Deconstruction
 48583 | D:4      | Bought the Volume of Creative Transmutation for 715 gold pieces
 48588 | D:4      | Learned a level 4 spell: Summon Lightning Spire
 48846 | Elf:1    | Entered Level 1 of the Elven Halls
 49634 | Elf:1    | Identified the Guide on Creative Arcane Weapons
 50248 | Elf:2    | Found Luduty's Gadget Shoppe.
 50249 | Elf:2    | Found Wiw Likehu's Jewellery Boutique.
 50250 | Elf:2    | Found Olufesch's Gadget Shoppe.
 50374 | Elf:2    | Found a runed gate.
 50375 | Elf:2    | Found a runed gate.
 50439 | Elf:2    | Reached skill level 15 in Spellcasting
 50456 | Elf:2    | Found a runed gate.
 51271 | Elf:2    | Reached skill level 15 in Fighting
 51271 | Elf:2    | Reached skill level 15 in Polearms
 51271 | Elf:2    | Reached skill level 15 in Dodging
 51472 | Elf:3    | Entered Level 3 of the Elven Halls
 51592 | Elf:3    | Received a gift from Okawaru
 52242 | Elf:3    | Received a gift from Okawaru
 52246 | Elf:3    | Got a transparent ring mail {god gift}
 52247 | Elf:3    | Identified the +1 ring mail of Terror {rF+ rCorr} (Okawaru gifted it to you on level 3 of the Elven Halls)
 52250 | Elf:3    | Got a twitching sapphire amulet
 52425 | Elf:3    | Identified A Thorough Guide to Theurgy
 52512 | Elf:3    | Identified the Reference Book on Creation and Evil Secrets
 52519 | Elf:3    | Identified the amulet "Piptiski" {+Rage Dex+2} (You took it off a deep elf death mage on level 3 of the Elven Halls)
 52576 | Elf:3    | Identified the Collected Works on Unstable Clay
 52616 | Elf:3    | Got a pair of ichor-stained gloves
 52622 | Elf:3    | Identified the +2 pair of gloves "Faplasen" {rPois Int+3} (You found it on level 3 of the Elven Halls)
 52623 | Elf:3    | Identified the Volume of Limited Liability
 52625 | Elf:3    | Identified Sif Muna's Disquisition on Scorching Sinister Secrets
 52822 | Elf:3    | Found Syav's Antique Armour Boutique.
 53207 | Elf:3    | Learned a level 6 spell: Iron Shot
 53215 | Elf:3    | Learned a level 7 spell: Spellforged Servitor
 53745 | Depths:1 | Entered Level 1 of the Depths
 53745 | Depths:1 | Noticed dstrtnsr's ghost (adept DDFi)
 53757 | Depths:1 | Killed dstrtnsr's ghost
 53831 | Depths:1 | Reached XP level 23. HP: 181/181 MP: 42/42
 54097 | Depths:1 | Noticed Sojobo
 54098 | Depths:1 | Noticed Frederick
 54381 | Depths:1 | Found a corrupted altar of Lugonu.
 54381 | Depths:1 | Found a one-way gate to the infinite horrors of the Abyss.
 54628 | Depths:1 | Killed Frederick
 54628 | Depths:1 | Reached skill level 15 in Armour
 54692 | Depths:1 | Killed Sojobo
 54692 | Depths:1 | Reached skill level 16 in Invocations
 54921 | Depths:1 | Found Xonysa's Weapon Shop.
 54965 | Depths:1 | Found a gateway to Hell.
 55274 | Depths:2 | Reached skill level 15 in Short Blades
 55274 | Depths:2 | Reached skill level 15 in Long Blades
 55274 | Depths:2 | Reached skill level 15 in Axes
 55274 | Depths:2 | Reached skill level 15 in Maces & Flails
 55274 | Depths:2 | Reached skill level 15 in Staves
 55274 | Depths:2 | Reached skill level 15 in Slings
 55274 | Depths:2 | Reached skill level 15 in Bows
 55274 | Depths:2 | Reached skill level 15 in Crossbows
 55274 | Depths:2 | Reached skill level 15 in Throwing
 55274 | Depths:2 | Reached skill level 15 in Stealth
 55274 | Depths:2 | Reached skill level 15 in Shields
 55274 | Depths:2 | Reached skill level 15 in Unarmed Combat
 55274 | Depths:2 | Reached skill level 15 in Evocations
 56056 | Vaults:5 | Entered Level 5 of the Vaults
 56066 | Vaults:5 | Received a gift from Okawaru
 56089 | Vaults:5 | Noticed a caustic shrike
 56089 | Vaults:5 | a shadow dragon changed into a caustic shrike
 56093 | Vaults:5 | a caustic shrike changed into a frost giant
 56107 | Vaults:5 | Noticed a golden dragon
 56123 | Vaults:5 | Killed a golden dragon
 56123 | Vaults:5 | Received a gift from Okawaru
 56166 | Vaults:5 | Received a gift from Okawaru
 56530 | Vaults:5 | Reached XP level 24. HP: 110/190 MP: 42/42
 56673 | Vaults:5 | Received a gift from Okawaru
 56680 | Vaults:5 | Got an ancient hand crossbow {god gift}
 56681 | Vaults:5 | Identified the +9 hand crossbow of Gloom {elec, rC++ MR- Int+2} (Okawaru gifted it to you on level 5 of the Vaults)
 56838 | Vaults:5 | Learned a level 6 spell: Deflect Missiles
 57208 | Vaults:5 | Received a gift from Okawaru
 57209 | Vaults:5 | Found the +3 sling "Punk" {acid, rCorr}
 57439 | Vaults:5 | Found Xirutt's Antique Armour Shoppe.
 57648 | Vaults:5 | Got a silver rune of Zot
 57676 | Vaults:5 | Received a gift from Okawaru
 57788 | Vaults:5 | Received a gift from Okawaru
 58571 | Depths:3 | Noticed Xtahua
 58572 | Depths:3 | Noticed Mennas
 58572 | Depths:3 | Noticed Asterion
 58959 | Depths:3 | Got a bound tin ring
 58960 | Depths:3 | Identified the ring "Ycain" {rElec rPois rF+ MR+} (You found it on level 3 of the Depths)
 59009 | Depths:3 | Noticed Jorgrun
 59018 | Depths:3 | Killed Jorgrun
 59030 | Depths:3 | Noticed a caustic shrike
 59045 | Depths:3 | Killed a caustic shrike
 59045 | Depths:3 | Received a gift from Okawaru
 59045 | Depths:3 | Reached skill level 17 in Invocations
 59059 | Depths:3 | Received a gift from Okawaru
 59145 | Depths:3 | Found Uruluwn's Armour Boutique.
 59211 | Depths:3 | Reached XP level 25. HP: 138/197 MP: 43/43
 59309 | Depths:3 | Received a gift from Okawaru
 59340 | Depths:3 | Killed Asterion
 59340 | Depths:3 | Received a gift from Okawaru
 59460 | Depths:4 | Noticed the Enchantress
 59472 | Depths:4 | Killed the Enchantress
 59490 | Depths:4 | Got faerie dragon scales
 59491 | Depths:4 | Identified the +2 faerie dragon scales {rF+ rCorr} (You took it off the Enchantress on level 4 of the Depths)
 59691 | Depths:4 | Noticed Boris
 59715 | Depths:4 | Killed Boris
 60755 | Depths:5 | Entered Level 5 of the Depths
 61063 | Depths:5 | Paralysed by a floating eye for 3 turns
 61070 | Depths:5 | Paralysed by a floating eye for 4 turns
 61074 | Depths:5 | HP: 7/199 [ettin/dire flail (14)]
 61074 | Depths:5 | Slain by a yaktaur captain

Vault maps used:
D:1:      dpeg_arrival_oval
D:2:      cheibrodos_helix_gallery, lemuel_doored_altar,
          nicolae_overflow_crystal_walls, grunt_temple_overflow_open,
          first_ration
D:4:      serial_shops, nicolae_shop_waterfront, nicolae_shop_statue_plus, shop,
          guppyfry_early_lair_pool
D:5:      uniq_eustachio
D:6:      lemuel_coloured_pillars_altar, old_standard_altar, serial_shops, shop,
          basic_altar, water_boxes_lemuel
D:7:      minmay_temple_entry_large_hall
D:9:      old_standard_altar, uniq_maurice
D:10:     enter_bailey_5
D:11:     grunt_lair_entry_orc_guard_hut, basic_altar, uniq_harold
D:12:     minmay_orc_entry_temple_small
D:13:     david_vaults_2, hangedman_fish_farm
D:14:     hangedman_abyss_or_decor_lesser_grid, nicolae_qazlal_eye_of_the_storm
D:15:     grunt_enter_depths_snipers, kennysheep_pointless_box,
          kennysheep_doodads
Temple:   minmay_temple_bridge_abc
Lair:1:   minmay_lair_oklob_tunnel, guppyfry_lair_drakes,
          minmay_lair_oklob_chamber
Lair:2:   lemuel_fruit_fields, infiniplex_staircase_pool, uniq_sonja
Lair:3:   minmay_shoals_entry_beasts, dummy_snake_entry
Lair:4:   basic_altar, nicolae_lair_grove_arrangements
Lair:5:   lemuel_fruit_tree, serial_bayou_shore_a
Lair:6:   cheibrodos_lair_end_hotspot, slime_altar_1
Shoals:1: serial_shops, shop_fountains
Shoals:3: serial_shops, shop, nicolae_shop_crystal, nicolae_shop_statue_plus,
          shop, nicolae_shop_window_shopping, lemuel_oklob_altar
Shoals:4: shoals_end_simple, shoals_ilsuiw_alternative,
          nicolae_shoals_stone_sculpture_thing, uniq_ilsuiw
Snake:1:  uniq_agnes
Snake:2:  serial_shops, bzr_entry_dummy, uniq_aizul
Snake:3:  serial_bayou_lagoon_a, basic_stair_grate_trap
Snake:4:  snake_pit_salamanders_mu, serial_shops, shop, uniq_vashnia
Orc:1:    serial_shops, shop, basic_altar, uniq_nergalle
Orc:2:    st_orc_open, uniq_donald, uniq_josephine, uniq_saint_roka
Elf:1:    minmay_elf_arrival_summoners, minmay_elf_sorcery, grunt_megastairs_4
Elf:2:    nicolae_elf_glass_and_crystal_pillar_2, minmay_shop_grove
Elf:3:    elf_hall_gauntlet_narrow, serial_shops, shop
Vaults:1: hangedman_vaults_nails, hangedman_vaults_snaps,
          nicolae_vaults_alarming, hangedman_vaults_trim,
          ontoclasm_vaults_gallery, nicolae_vaults_arrows,
          vaults_room_large_hall, grunt_vaults_trifunnel, v_alt_pattern_4,
          vaults_room_semicircle, ontoclasm_vaults_ring_square, serial_shops,
          bzr_entry_customers
Vaults:2: nicolae_vaults_asterisk, nicolae_vaults_network_square,
          vaults_room_pools, v_misc_4, nicolae_vaults_c_with_doors,
          grunt_vaults_hallway_long, v_misc_28, vaults_room_octagon,
          grunt_vaults_twisty, ontoclasm_vaults_loading_screen,
          vaults_dpeg_encased_lava, uniq_jory
Vaults:3: minmay_crypt_entry_skeletal_spiral, vaults_dpeg_spiral, v_misc_16,
          st_cells, hangedman_vaults_nails, nicolae_vaults_what_the_h, v_misc_4,
          ontoclasm_vaults_eye, serial_shops, shop
Vaults:4: v_alt_pattern_4, vaults_room_corners, vaults_mumra_lcd,
          vaults_room_ringed_pool, vaults_mumra_minichess_inversion,
          ontoclasm_vaults_misaligned, nicolae_vaults_windows_and_doors_thing,
          v_misc_14, hangedman_vaults_river_flow, vaults_room_grid,
          vaults_room_pools, nicolae_vaults_statue_guard,
          nicolae_vaults_network_quinsquares, grunt_vaults_swirl,
          vaults_dpeg_hooks
Vaults:5: uniq_frederick
Depths:1: lightli_too_deep, abyss_entry_flame_altar,
          hangedman_decor_clover_reticule, serial_shops, shop, nicolae_wwwww,
          sword_in_stone
Depths:2: kennysheep_spiral_hall, nicolae_benzene_ring, hell_entry
Depths:3: hangedman_spin_cycle, pan_entry, hell_entry, serial_shops,
          abyss_entry, uniq_asterion, uniq_mennas, uniq_xtahua, uniq_jorgrun
Depths:4: kennysheep_six_static_rooms, pf_vacation_house_of_asmodeus,
          abyss_entry, serial_bayou_shore_b, uniq_boris, uniq_enchantress
Depths:5: grunt_x_marks_the_spot, enter_ziggurat_e, minmay_room_of_horrors,
          hell_entry
Bazaar:   bazaar_minmay_cross, bazaar_long_row
Bailey:   bailey_polearm_1, bailey

Skill      XL: |  1  2  3  4  5  6  7  8  9 10 11 12 13 14 15 16 17 18 19 20 21 22 23 24 25 |
---------------+----------------------------------------------------------------------------+-----
Spellcasting   | 5 6 7 8 9 10 11 12 13 14 15 16 | 16.7
Invocations    | 1 2 3 4 5 6 7 8 9 10 11 12 13 14 15 16 17 | 17.4
Short Blades   | 1 2 3 4 5 6 7 8 9 10 11 12 13 14 15 16 | 16.1
Long Blades    | 1 2 3 4 5 6 7 8 9 10 11 12 13 14 15 16 | 16.1
Axes           | 1 2 3 4 5 6 7 8 9 10 11 12 13 14 15 16 | 16.1
Maces & Flails | 1 2 3 4 5 6 7 8 9 10 11 12 13 14 15 16 | 16.1
Staves         | 1 2 3 4 5 6 7 8 9 10 11 12 13 14 15 16 | 16.1
Slings         | 1 2 3 4 5 6 7 8 9 10 11 12 13 14 15 16 | 16.1
Bows           | 1 2 3 4 5 6 7 8 9 10 11 12 13 14 15 16 | 16.1
Crossbows      | 1 2 3 4 5 6 7 8 9 10 11 12 13 14 15 16 | 16.1
Throwing       | 1 2 3 4 5 6 7 8 9 10 11 12 13 14 15 16 | 16.1
Stealth        | 1 2 3 4 5 6 7 8 9 10 11 12 13 14 15 16 | 16.1
Shields        | 1 2 3 4 5 6 7 8 9 10 11 12 13 14 15 16 | 16.1
Unarmed Combat | 1 2 3 4 5 6 7 8 9 10 11 12 13 14 15 16 | 16.1
Evocations     | 1 2 3 4 5 6 7 8 9 10 11 12 13 14 15 16 | 16.1
Conjurations   | 1 2 3 4 5 6 7 8 9 10 11 12 13 | 13.9
Hexes          | 1 2 3 4 5 6 7 8 9 10 11 12 13 | 13.9
Summonings     | 1 2 3 4 5 6 7 8 9 10 11 12 13 | 13.9
Necromancy     | 1 2 3 4 5 6 7 8 9 10 11 12 13 | 13.9
Translocations | 1 2 3 4 5 6 7 8 9 10 11 12 13 | 13.9
Transmutations | 1 2 3 4 5 6 7 8 9 10 11 12 13 | 13.9
Fire Magic     | 1 2 3 4 5 6 7 8 9 10 11 12 13 | 13.9
Ice Magic      | 1 2 3 4 5 6 7 8 9 10 11 12 13 | 13.9
Air Magic      | 1 2 3 4 5 6 7 8 9 10 11 12 13 | 13.9
Earth Magic    | 1 2 3 4 5 6 7 8 9 10 11 12 13 | 13.9
Poison Magic   | 1 2 3 4 5 6 7 8 9 10 11 12 13 | 13.9
Armour         | 3 4 5 6 7 8 9 10 11 12 13 14 15 16 | 16.3
Fighting       | 5 6 7 8 9 10 11 12 13 14 15 16 | 16.6
Polearms       | 5 6 7 8 9 10 11 12 13 14 15 16 | 16.6
Dodging        | 5 6 7 8 9 10 11 12 13 14 15 16 | 16.6
Charms         | 6 7 8 9 10 11 12 13 14 | 14.7

Action                   |  1- 3 |  4- 6 |  7- 9 | 10-12 | 13-15 | 16-18 | 19-21 | 22-24 | 25-27 || total
-------------------------+-------+-------+-------+-------+-------+-------+-------+-------+-------++-------
Melee: Spear             |    59 |    11 |       |       |    50 |       |       |       |       ||   120
       Whip              |    41 |       |       |       |       |       |       |       |       ||    41
       Bite              |     5 |     4 |    28 |   113 |   354 |   309 |   272 |   222 |    85 ||  1392
       Trident           |       |    81 |   282 |   968 |  2620 |  1984 |       |       |       ||  5935
       Punch             |       |     1 |     2 |     3 |       |       |       |       |       ||     6
       Quick blade       |       |       |       |       |       |    61 |    37 |    11 |       ||   109
       Demon trident     |       |       |       |       |       |  1064 |  2078 |  1640 |   461 ||  5243
 Fire: Shortbow          |       |    13 |     7 |       |       |       |       |       |       ||    20
       Hunting sling     |       |       |       |       |    20 |    43 |       |    66 |       ||   129
 Cast: Infusion          |    17 |     7 |    20 |     5 |       |    60 |    58 |     9 |     3 ||   179
       Shroud of Golubri |    15 |    12 |    29 |    19 |       |    72 |    63 |    21 |     6 ||   237
       Song of Slaying   |     1 |     2 |     6 |     2 |       |       |       |       |       ||    11
       Spectral Weapon   |       |     4 |    10 |     9 |       |       |    30 |    24 |     3 ||    80
       Regeneration      |       |     3 |     8 |     2 |       |       |     1 |    22 |     9 ||    45
       Blink             |       |       |     3 |       |       |       |    10 |     3 |     1 ||    17
       Conjure Flame     |       |       |       |     6 |       |     2 |     4 |     1 |       ||    13
       Lee's Rapid Decon |       |       |       |       |       |       |       |    42 |     5 ||    47
       Summon Lightning  |       |       |       |       |       |       |       |    17 |     1 ||    18
       Spellforged Servi |       |       |       |       |       |       |       |    15 |     4 ||    19
       Deflect Missiles  |       |       |       |       |       |       |       |     1 |     1 ||     2
Invok: Heroism           |       |       |       |     7 |     9 |    14 |     5 |     7 |     1 ||    43
       Finesse           |       |       |       |       |     3 |     3 |     2 |     7 |     1 ||    16
Evoke: Wand              |       |       |       |     8 |     3 |       |     4 |       |       ||    15
       Lightning rod     |       |       |       |       |       |       |       |       |     3 ||     3
  Use: Scroll            |     5 |     3 |     5 |    18 |    10 |    22 |     6 |    15 |     2 ||    86
       Potion            |       |       |       |       |     1 |     1 |       |     1 |       ||     3
 Stab: Sleeping          |     2 |     3 |     2 |     5 |       |       |       |    36 |       ||    48
       Distracted        |       |     2 |     1 |     3 |       |       |    11 |    28 |     6 ||    51
       Paralysed         |       |       |       |     3 |       |       |       |       |       ||     3
  Eat: Chunk             |     3 |     5 |     7 |    21 |    42 |    30 |    21 |    17 |       ||   146
       Ration            |       |     1 |     2 |     1 |       |     5 |     3 |     7 |     4 ||    23
Armor: Leather armour    |    10 |    17 |    51 |       |       |       |       |       |       ||    78
       Steam dragon scal |       |       |       |    34 |       |       |       |       |       ||    34
       Crystal plate arm |       |       |       |   483 |  1377 |  1409 |   677 |     6 |       ||  3952
       Ring mail         |       |       |       |       |       |       |       |   174 |    48 ||   222
Dodge: Dodged            |    58 |    66 |   210 |   148 |   241 |   369 |   217 |   597 |   153 ||  2059
       Deflected         |       |       |       |       |       |       |       |    15 |     3 ||    18
Block: Shield            |     4 |       |       |   468 |  1701 |  2038 |  1017 |   842 |   251 ||  6321

Table legend:
 A = Spawn XP
 B = Non-spawn XP
 C = Spawn XP percentage of total XP
 D = Spawn monster count
 E = Non-spawn monster count
 F = Spawn count percentage of total count
 G = Total turns spent on level
                    A         B        C        D         E        F      G
               +---------+---------+-------+---------+---------+-------+---------
         Total |       0 | 1048293 |   0.0 |       0 |    1986 |   0.0 | 61074
               +---------+---------+-------+---------+---------+-------+---------
           D:1 |       0 |      34 |   0.0 |       0 |      22 |   0.0 |   837
           D:2 |       0 |      43 |   0.0 |       0 |      19 |   0.0 |  1118
           D:3 |       0 |      93 |   0.0 |       0 |      16 |   0.0 |  1075
           D:4 |       0 |     485 |   0.0 |       0 |      16 |   0.0 |  1294
           D:5 |       0 |    1135 |   0.0 |       0 |      28 |   0.0 |  2044
           D:6 |       0 |    1825 |   0.0 |       0 |      19 |   0.0 |   937
           D:7 |       0 |     313 |   0.0 |       0 |       7 |   0.0 |   684
           D:8 |       0 |    2200 |   0.0 |       0 |      27 |   0.0 |  1119
           D:9 |       0 |    2488 |   0.0 |       0 |      29 |   0.0 |  1449
          D:10 |       0 |    6135 |   0.0 |       0 |      44 |   0.0 |  1229
          D:11 |       0 |    9556 |   0.0 |       0 |      45 |   0.0 |  1721
          D:12 |       0 |   15934 |   0.0 |       0 |      71 |   0.0 |  1799
          D:13 |       0 |    7247 |   0.0 |       0 |      30 |   0.0 |  1249
          D:14 |       0 |   10544 |   0.0 |       0 |      34 |   0.0 |   993
          D:15 |       0 |   13988 |   0.0 |       0 |      31 |   0.0 |  1483
        Lair:1 |       0 |    5053 |   0.0 |       0 |      22 |   0.0 |  1126
        Lair:2 |       0 |    4294 |   0.0 |       0 |      16 |   0.0 |  1035
        Lair:3 |       0 |    7863 |   0.0 |       0 |      24 |   0.0 |  1032
        Lair:4 |       0 |    4978 |   0.0 |       0 |      27 |   0.0 |  1060
        Lair:5 |       0 |    1863 |   0.0 |       0 |      12 |   0.0 |   820
        Lair:6 |       0 |   14398 |   0.0 |       0 |      50 |   0.0 |  1733
      Shoals:1 |       0 |    9596 |   0.0 |       0 |      18 |   0.0 |   761
      Shoals:2 |       0 |   17059 |   0.0 |       0 |      32 |   0.0 |  1123
      Shoals:3 |       0 |   21790 |   0.0 |       0 |      37 |   0.0 |  1476
      Shoals:4 |       0 |   39498 |   0.0 |       0 |      66 |   0.0 |  1540
       Snake:1 |       0 |   11688 |   0.0 |       0 |      20 |   0.0 |  1034
       Snake:2 |       0 |   16976 |   0.0 |       0 |      32 |   0.0 |  1942
       Snake:3 |       0 |   23880 |   0.0 |       0 |      43 |   0.0 |  1578
       Snake:4 |       0 |   83305 |   0.0 |       0 |     120 |   0.0 |  3665
         Orc:1 |       0 |    3869 |   0.0 |       0 |      26 |   0.0 |   799
         Orc:2 |       0 |   28247 |   0.0 |       0 |      86 |   0.0 |  1517
         Elf:1 |       0 |   21123 |   0.0 |       0 |      38 |   0.0 |  1061
         Elf:2 |       0 |   35716 |   0.0 |       0 |      58 |   0.0 |  1631
         Elf:3 |       0 |   49248 |   0.0 |       0 |      45 |   0.0 |  1789
      Vaults:1 |       0 |   56208 |   0.0 |       0 |      99 |   0.0 |  1905
      Vaults:2 |       0 |   45324 |   0.0 |       0 |      75 |   0.0 |  1771
      Vaults:3 |       0 |   85409 |   0.0 |       0 |     142 |   0.0 |  2328
      Vaults:4 |       0 |   43434 |   0.0 |       0 |      75 |   0.0 |  1596
      Vaults:5 |       0 |  144814 |   0.0 |       0 |     127 |   0.0 |  2267
      Depths:1 |       0 |   50749 |   0.0 |       0 |      55 |   0.0 |  1373
      Depths:2 |       0 |   30797 |   0.0 |       0 |      36 |   0.0 |   951
      Depths:3 |       0 |   49824 |   0.0 |       0 |      63 |   0.0 |   735
      Depths:4 |       0 |   63895 |   0.0 |       0 |      79 |   0.0 |  1570
      Depths:5 |       0 |    4541 |   0.0 |       0 |       7 |   0.0 |    46
        Bailey |       0 |     834 |   0.0 |       0 |      18 |   0.0 |   426
               +---------+---------+-------+---------+---------+-------+---------
